[Event "*** Titled Tuesday Blitz"]
[Site "Chess.com"]
[Date "2021.02.16"]
[Round "6"]
[White "AlexeiShirov"]
[Black "Spalir"]
[Result "1-0"]
[WhiteElo "2845"]
[BlackElo "2671"]
[TimeControl "180+1"]
[EndTime "11:06:44 PST"]
[Termination "AlexeiShirov won by resignation"]

1. e4 c5 2. Nf3 d6 3. d4 cxd4 4. Nxd4 Nf6 5. Nc3 a6 6. h3 e5 7. Nb3 Be6 8. f4 Be7 9. Qf3 Nc6 10. Be3 exf4 11. Bxf4 Ne5 12. Qe3 O-O 13. O-O-O Nfd7 14. Nd4 b5 15. Kb1 Qc7 16. Nf5 Bxf5 17. Nd5 Qd8 18.
exf5 Re8 19. g4 Bf6 20. Qg3 Bh4 21. Qg2 h6 22. Nc3 Qb6 23. Ne4 Nc4 24. Bxc4 bxc4 25. Rxd6 Qb5 26. Nc3 Qb4 27. Rxd7 Bf6 28. Rb7 1-0

[Event "*** Titled Tuesday Blitz"]
[Site "Chess.com"]
[Date "2021.02.16"]
[Round "6"]
[White "queen_iryna"]
[Black "RaneshRatnesan"]
[Result "1-0"]
[WhiteElo "2374"]
[BlackElo "2195"]
[TimeControl "180+1"]
[EndTime "11:06:46 PST"]
[Termination "queen_iryna won by resignation"]

1. e4 c5 2. Nf3 d6 3. Bb5+ Bd7 4. Bxd7+ Nxd7 5. c4 g6 6. Nc3 Ngf6 7. d4 cxd4 8.
Nxd4 Bg7 9. Be3 O-O 10. f3 Rc8 11. b3 Qa5 12. Qd2 a6 13. O-O b5 14. Rfb1 bxc4 15. b4 Qc7 16. a4 Ne5 17. b5 axb5 18. axb5 Ra8 19. b6 Qb7 20. Ra7 Rxa7 21. bxa7 Qxa7 22. Ne6 Qd7 23. Nxf8 Bxf8 24. Bh6 Nc6 25. Bxf8 Kxf8 26. Nd5 Nxd5 27. exd5 Nd8 28. Qd4 f6 29. Qxc4 Kf7 30. Kh1 Qf5 31. Re1 h5 32. Qc7 1-0

[Event "*** Titled Tuesday Blitz"]
[Site "Chess.com"]
[Date "2021.02.16"]
[Round "6"]
[White "Shahaliyev"]
[Black "GadimbayliA"]
[Result "0-1"]
[WhiteElo "2672"]
[BlackElo "2847"]
[TimeControl "180+1"]
[EndTime "11:06:47 PST"]
[Termination "GadimbayliA won by resignation"]

1. Nf3 d5 2. c4 d4 3. d3 c5 4. e3 Nc6 5. exd4 cxd4 6. g3 Nf6 7. Bg2 g6 8. O-O Bg7 9. Re1 O-O 10. Na3 Re8 11. Nc2 a5 12. Bf4 Nh5 13. Bg5 h6 14.
Bc1 e5 15. Nd2 f5 16. Nb3 Kh7 17. Nc5 Qd6 18. Na4 Be6 19. b3 Rad8 20. Ba3 Qc7 21. b4 e4 22. b5 Ne5 23. Nc5 exd3 24. Nxd4 Rxd4 25. Nxe6 Rxe6 26. Bb2 Rd8 27. Bd5 Ree8 28. Rb1 d2 29. Re2 Nxc4 30. Bxc4 Qxc4 31. Rxe8 Rxe8 32.
Qxd2 Qxa2 0-1

[Event "*** Titled Tuesday Blitz"]
[Site "Chess.com"]
[Date "2021.02.16"]
[Round "6"]
[White "temiksmozg"]
[Black "barriochess"]
[Result "1-0"]
[WhiteElo "2619"]
[BlackElo "2447"]
[TimeControl "180+1"]
[EndTime "11:06:48 PST"]
[Termination "temiksmozg won by resignation"]

1. d4 d5 2. c4 e6 3. Nc3 c5 4. cxd5 exd5 5. Nf3 Nc6 6. g3 Nf6 7. Bg2 Be7 8. O-O O-O 9. dxc5 Bxc5 10. Qc2 Nb4 11. Qb3 Bf5 12. Ne1 Be6 13. Qd1 h6 14. a3 Nc6 15. Nd3 Be7 16. Nf4 d4 17. Nxe6 fxe6 18. Ne4 Qd7 19. Qb3 Kh8 20. Bd2 Nxe4 21.
Bxe4 Rac8 22. Rac1 b6 23. Qb5 Nb8 24. Qh5 Rf6 25.
Rxc8+ Qxc8 26. Rc1 Qf8 27. Bf4 Nd7 28. Rc7 Nc5 29.
Bc2 a5 30. Be5 Bd6 31. Bxf6 Bxc7 32. Qxh6+ 1-0

[Event "*** Titled Tuesday Blitz"]
[Site "Chess.com"]
[Date "2021.02.16"]
[Round "6"]
[White "PowerThinking2650"]
[Black "biostatistician"]
[Result "1-0"]
[WhiteElo "2437"]
[BlackElo "2588"]
[TimeControl "180+1"]
[EndTime "11:06:48 PST"]
[Termination "PowerThinking2650 won by checkmate"]

1. e4 e6 2. d4 d5 3. Nd2 Nc6 4. Ngf3 Nf6 5. e5 Ne4 6. Bd3 Nxd2 7. Bxd2 Nb4 8. Be2 c5 9. c3 Nc6 10. O-O Bd7 11. a3 Qb6 12. dxc5 Bxc5 13. b4 Be7 14. Bf4 O-O 15. Bd3 Rfc8 16. Re1 a5 17. Ng5 h6 18. Qh5 Be8 19. Nh7 Bf8 20. Nf6+ gxf6 21. exf6 Qd8 22.
Bg5 Bg7 23. Re3 Bxf6 24. Bxh6 Be5 25. Rxe5 Nxe5 26. Qxe5 f6 27. Qg3+ Kf7 28. Qg7# 1-0

[Event "*** Titled Tuesday Blitz"]
[Site "Chess.com"]
[Date "2021.02.16"]
[Round "6"]
[White "rugbyclub"]
[Black "Rodchenkov_Vitalij"]
[Result "0-1"]
[WhiteElo "2292"]
[BlackElo "2556"]
[TimeControl "180+1"]
[EndTime "11:06:49 PST"]
[Termination "Rodchenkov_Vitalij won by resignation"]

1. e4 d5 2. exd5 Qxd5 3. Nc3 Qd6 4. d4 Nf6 5. Nf3 a6 6. h3 b5 7. Bd3 Bb7 8. O-O e6 9. Re1 Be7 10. Bg5 O-O 11. a4 b4 12. Bxf6 Bxf6 13. Ne4 Qe7 14. Nxf6+ Qxf6 15. Ne5 Rd8 16. Qg4 Nd7 17. Rad1 Nf8 18.
a5 Rd6 19. c3 Rad8 20. h4 Bd5 21. c4 Bb7 22. c5 h5 23. Qxh5 Rxd4 24. c6 Bc8 25. Re3 R8d5 26. Rde1 Rxh4 27. Qf3 Rf4 28. Qg3 Rxa5 29. Ng4 Qg5 30. Re5 Rxe5 31. Rxe5 Qxg4 0-1

[Event "*** Titled Tuesday Blitz"]
[Site "Chess.com"]
[Date "2021.02.16"]
[Round "6"]
[White "barbara25"]
[Black "Trickster_Pony"]
[Result "1-0"]
[WhiteElo "2248"]
[BlackElo "1505"]
[TimeControl "180+1"]
[EndTime "11:06:49 PST"]
[Termination "barbara25 won on time"]

1. e4 c5 2. Nf3 g6 3. d4 cxd4 4. Nxd4 Bg7 5. Nc3 Nc6 6. Be3 Nf6 7. Qd2 O-O 8. O-O-O Ng4 9. Nxc6 bxc6 10. Bg5 Qa5 11. Bc4 Nxf2 12. Bxe7 Nxd1 13. Rxd1 Re8 14. Bd6 Bxc3 15.
bxc3 Rxe4 16. Bb3 Re8 17. Rf1 Re6 18. Qf2 Qf5 19. Qxf5 gxf5 20. Bxe6 dxe6 21. c4 Ba6 22. Rf4 Rd8 23. c5 f6 24. Ra4 Bb5 25. Rxa7 h5 26.
g3 Re8 27. a4 Bc4 28. a5 e5 29. a6 e4 30. Kd2 e3+ 31. Ke1 e2 32. Bf4 Re4 33. Bd2 Rd4 34. Ra8+ Kf7 35. a7 1-0

[Event "*** Titled Tuesday Blitz"]
[Site "Chess.com"]
[Date "2021.02.16"]
[Round "6"]
[White "ural58"]
[Black "anon102030"]
[Result "1-0"]
[WhiteElo "2537"]
[BlackElo "2706"]
[TimeControl "180+1"]
[EndTime "11:06:54 PST"]
[Termination "ural58 won by resignation"]

1. e4 e5 2. f4 exf4 3. Bc4 d6 4.
Nc3 Nc6 5. d4 g5 6. h4 Bg7 7. hxg5 Qxg5 8. Nge2 Bg4 9. Qd3 Nge7 10. Bxf4 Qg6 11. O-O-O a6 12. Rdf1 O-O-O 13. Be3 Bxe2 14. Nxe2 d5 15. exd5 Nxd5 16. Bxd5 Rxd5 17. Qxg6 fxg6 18. c3 Rd7 19. Ng3 Ne7 20. Rf7 Nd5 21. Rxd7 Kxd7 22. Bd2 h5 23. Ne4 Re8 24. Nc5+ Kc6 25.
Kd1 a5 26. Rf1 b6 27. Nd3 Re7 28. Rf3 Re6 29. c4 Bxd4 30. cxd5+ Kxd5 31. Nf4+ 1-0

[Event "*** Titled Tuesday Blitz"]
[Site "Chess.com"]
[Date "2021.02.16"]
[Round "6"]
[White "Vincent_Vega95"]
[Black "RD4ever"]
[Result "0-1"]
[WhiteElo "2694"]
[BlackElo "2870"]
[TimeControl "180+1"]
[EndTime "11:06:56 PST"]
[Termination "RD4ever won by resignation"]

1. d4 Nf6 2. c4 g6 3. Nc3 Bg7 4. e4 O-O 5. Be2 d6 6. Be3 e5 7. d5 Na6 8. h4 h5 9. f3 c6 10. Nh3 cxd5 11. cxd5 Bd7 12. Nf2 Qa5 13. Qd2 Rfc8 14. O-O Nc5 15. Rab1 Na4 16. b4 Qd8 17. Rfc1 Ne8 18. g3 Nb6 19. Ncd1 f5 20. Nb2 f4 21.
gxf4 Qxh4 22. Kg2 Rxc1 23. Rxc1 exf4 24. Bxf4 Bxb2 25. Bg5 Bxc1 26. Qxc1 Rc8 27. Qe3 Rc3 28. Qd2 Rc2 0-1

[Event "*** Titled Tuesday Blitz"]
[Site "Chess.com"]
[Date "2021.02.16"]
[Round "6"]
[White "lachesisQ"]
[Black "krzyzan94"]
[Result "1-0"]
[WhiteElo "3049"]
[BlackElo "2759"]
[TimeControl "180+1"]
[EndTime "11:06:58 PST"]
[Termination "lachesisQ won by resignation"]

1. e4 e5 2. Nf3 Nc6 3. d4 exd4 4. Nxd4 Nf6 5. Nxc6 bxc6 6. e5 Qe7 7. Qe2 Nd5 8. h4 a5 9. c4 Ba6 10. Rh3 Nb6 11. b3 Qe6 12. Nc3 a4 13. Bb2 a3 14. Bc1 Bb4 15. Bd2 O-O 16. O-O-O Rfe8 17. f4 d5 18. exd6 Bxc3 19. Bxc3 Qxe2 20. Bxe2 Rxe2 21.
dxc7 Ree8 22. Rhd3 Nd5 23. cxd5 Bxd3 24. Rxd3 cxd5 25.
Rxd5 f6 26. Ba5 Kf7 27. b4 Ke6 28. Rd8 Rc8 29. Kd2 g6 30. b5 Ra8 31. Rxe8+ Rxe8 32. b6 Kd7 33. b7 1-0

[Event "*** Titled Tuesday Blitz"]
[Site "Chess.com"]
[Date "2021.02.16"]
[Round "6"]
[White "guillembaches"]
[Black "tusplingher"]
[Result "1/2-1/2"]
[WhiteElo "2453"]
[BlackElo "2348"]
[TimeControl "180+1"]
[EndTime "11:06:58 PST"]
[Termination "Game drawn by agreement"]

1. e4 c5 2. Nf3 g6 3. d4 cxd4 4.
Qxd4 Nf6 5. c4 Nc6 6. Qe3 d6 7. h3 Bg7 8. Nc3 O-O 9. Be2 Nd7 10. O-O Nc5 11. Bd2 e5 12. Rad1 Nd4 13. Bd3 f5 14.
exf5 Bxf5 15. Bxf5 Rxf5 16. Nh2 Nce6 17. Nd5 Qf8 18.
Bc3 Re8 19. Rfe1 Bh6 20. Qg3 Nf4 21. Bxd4 exd4 22. Rxe8 Qxe8 23. Nxf4 Bxf4 24. Qd3 1/2-1/2

[Event "*** Titled Tuesday Blitz"]
[Site "Chess.com"]
[Date "2021.02.16"]
[Round "6"]
[White "jefferyx"]
[Black "Fandorine"]
[Result "1-0"]
[WhiteElo "2988"]
[BlackElo "2849"]
[TimeControl "180+1"]
[EndTime "11:07:00 PST"]
[Termination "jefferyx won by resignation"]

1. e4 c5 2. Nf3 e6 3. g3 Nc6 4. Bg2 Nf6 5. Qe2 e5 6. O-O Be7 7. c3 O-O 8. Na3 d6 9. d3 Re8 10. Bg5 h6 11. Bxf6 Bxf6 12. Nc4 Be7 13. a4 Be6 14.
Nfd2 Bf8 15. Ne3 Rb8 16. Ndc4 b6 17. f4 a6 18. f5 Bc8 19. f6 g6 20. Nd5 Be6 21.
Nce3 h5 22. Bf3 Bh6 23. Bxh5 Nd4 24. cxd4 exd4 25. Ne7+ Rxe7 26. fxe7 Qxe7 27. Nd5 Bxd5 28. exd5 Qe3+ 29. Kg2 gxh5 30. Qxh5 Rf8 31. Rf2 Qg5 32.
Qxg5+ Bxg5 33. h4 Be3 34. Rf6 Rd8 35. g4 Kg7 36. g5 Rh8 37. Kg3 Rd8 38. Kg4 b5 39.
axb5 axb5 40. Ra7 1-0

[Event "*** Titled Tuesday Blitz"]
[Site "Chess.com"]
[Date "2021.02.16"]
[Round "6"]
[White "Eliwood44"]
[Black "ARTHURMOTIVATOR"]
[Result "1-0"]
[WhiteElo "2464"]
[BlackElo "2316"]
[TimeControl "180+1"]
[EndTime "11:07:01 PST"]
[Termination "Eliwood44 won by resignation"]

1. d4 Nf6 2. Nf3 g6 3. Bf4 Bg7 4. Nc3 d5 5. e3 O-O 6. Be2 c6 7. h3 Nbd7 8. O-O b5 9. Bh2 Nb6 10.
a4 b4 11. Na2 a5 12. Nc1 Nc4 13. b3 Nd6 14. Nd3 Nfe4 15. Nfe5 Nc3 16. Qe1 Nxe2+ 17.
Qxe2 Bb7 18. Nc5 Rc8 19. Rac1 Ba8 20. c3 Ne4 21. cxb4 axb4 22. Nxe4 dxe4 23. Qc4 Qd5 24.
Qxb4 Rb8 25. Qxe7 Rfe8 26. Qa7 Rxb3 27. Rc5 Qe6 28. Rfc1 Bf8 29. R5c2 h5 30. Bf4 Ra3 31. Nxc6 Qb3 32. a5 Qb5 33. Ne5 Rxa5 34. Qxf7+ 1-0

[Event "*** Titled Tuesday Blitz"]
[Site "Chess.com"]
[Date "2021.02.16"]
[Round "6"]
[White "AlexNovitz"]
[Black "Politov_Pavel"]
[Result "0-1"]
[WhiteElo "2204"]
[BlackElo "2411"]
[TimeControl "180+1"]
[EndTime "11:07:02 PST"]
[Termination "Politov_Pavel won by resignation"]

1. e4 e5 2. Nf3 Nf6 3. Nxe5 d6 4. Nf3 Nxe4 5. Nc3 Nxc3 6. dxc3 Be7 7. Be3 O-O 8. Bd3 Nd7 9. Qd2 Ne5 10. Nxe5 dxe5 11.
O-O-O Be6 12. Kb1 c6 13. h4 Qa5 14. c4 Bb4 15. c3 Be7 16. Qc2 f5 17. f3 b5 18. g4 e4 19. fxe4 f4 20. Bd4 bxc4 21.
Be2 f3 22. Bf1 Bxg4 23. h5 Rab8 24. Bxc4+ Kh8 25. Rdg1 Rf4 26. Be3 Rxe4 27. Bd4 Rxd4 28. Rxg4 Rxg4 29. Be6 Rg2 30. Qf5 Rbxb2+ 31. Ka1 Rxa2+ 0-1

[Event "*** Titled Tuesday Blitz"]
[Site "Chess.com"]
[Date "2021.02.16"]
[Round "6"]
[White "Hercog"]
[Black "AntonovaNadezhda"]
[Result "1-0"]
[WhiteElo "2353"]
[BlackElo "2148"]
[TimeControl "180+1"]
[EndTime "11:07:03 PST"]
[Termination "Hercog won on time"]

1. d4 Nf6 2. c4 g6 3. Nc3 Bg7 4.
e4 d6 5. f3 O-O 6. Be3 c5 7. d5 e6 8. Nge2 exd5 9. cxd5 Nbd7 10. Ng3 Re8 11. Be2 a6 12. a4 h5 13. O-O h4 14.
Nh1 Nh7 15. Nf2 Ndf6 16. Qd2 Bd7 17. Rab1 Rb8 18. b4 cxb4 19. Rxb4 Qa5 20. Rfb1 Qc7 21. Bb6 Qc8 22. Rc4 Bc6 23. dxc6 bxc6 24. Rcb4 c5 25.
Bxc5 dxc5 26. Rxb8 Qxb8 27. Rxb8 Rxb8 28. Bxa6 Bf8 29.
Bc4 Re8 30. Nd5 Kg7 31. Qc3 Re7 32. Ng4 1-0

[Event "*** Titled Tuesday Blitz"]
[Site "Chess.com"]
[Date "2021.02.16"]
[Round "6"]
[White "abeljusto"]
[Black "bogcsab"]
[Result "0-1"]
[WhiteElo "2008"]
[BlackElo "2164"]
[TimeControl "180+1"]
[EndTime "11:07:06 PST"]
[Termination "bogcsab won by resignation"]

1. d4 Nf6 2. Bf4 g6 3. e3 Bg7 4. Nf3 O-O 5. Be2 d6 6. h3 Nbd7 7. O-O Qe8 8. c4 e5 9. Bh2 Qe7 10. Nc3 c6 11. Rc1 Ne8 12. Re1 f5 13. b4 g5 14. Qb3 e4 15. Nd2 Ndf6 16. d5 cxd5 17. cxd5 Nd7 18. Nb5 Ne5 19. Nc4 a6 20. Nb6 axb5 21.
Nxc8 Qf7 22. Nb6 Rd8 23. Bxb5 f4 24. exf4 gxf4 25. Rxe4 f3 26. g4 Qg6 27. Rce1 h5 28. Nc4 Nf6 29. Nxe5 dxe5 30. Rxe5 hxg4 31. hxg4 Nxg4 32.
d6+ Kh8 33. Re7 Nxh2+ 0-1

[Event "*** Titled Tuesday Blitz"]
[Site "Chess.com"]
[Date "2021.02.16"]
[Round "6"]
[White "ellennilssen"]
[Black "LileKoridze"]
[Result "0-1"]
[WhiteElo "2222"]
[BlackElo "2374"]
[TimeControl "180+1"]
[EndTime "11:07:07 PST"]
[Termination "LileKoridze won by resignation"]

1. d4 Nf6 2. g3 d5 3. Bg2 g6 4.
Nf3 Bg7 5. O-O O-O 6. c4 c6 7. Nc3 Ne4 8. Nxe4 dxe4 9. Ne5 f5 10. f3 exf3 11. exf3 Nd7 12. Bf4 Qb6 13. Kh1 Rd8 14. Rb1 Nxe5 15. c5 Qb4 16. a3 Qxd4 17. Qb3+ Qd5 18.
Qc2 Be6 19. Rfd1 Qb3 20. Qxb3 Bxb3 21. Re1 Nd3 22. Rxe7 Nxf4 23. gxf4 Re8 24. Rxb7 Bd5 25. h3 a5 26. b4 axb4 27. axb4 Ra1 28. Rxa1 Bxa1 29.
Rb6 Bd4 30. Kh2 Re2 31. b5 Bxc5 32. Rb8+ Kg7 33. bxc6 Bxc6 34. Kg3 Bf2+ 35. Kh2 Bxf3 36. Bxf3 Ba7+ 37. Kg3 Bxb8 38. Bh5 gxh5 39. h4 0-1

[Event "*** Titled Tuesday Blitz"]
[Site "Chess.com"]
[Date "2021.02.16"]
[Round "6"]
[White "AlexPapasimakopoulos"]
[Black "exoticprincess"]
[Result "0-1"]
[WhiteElo "2621"]
[BlackElo "2905"]
[TimeControl "180+1"]
[EndTime "11:07:08 PST"]
[Termination "exoticprincess won by resignation"]

1. d4 Nf6 2. c4 c5 3. d5 e6 4.
Nc3 exd5 5. cxd5 d6 6. Nf3 g6 7.
Bf4 Bg7 8. Qa4+ Bd7 9. Qb3 Qc7 10. e4 O-O 11. Be2 Re8 12. Nd2 Ng4 13. O-O Ne5 14. Rfe1 h6 15. a4 g5 16. Bg3 Na6 17. Nb5 Bxb5 18. Bxb5 Re7 19. Bxa6 bxa6 20. Bxe5 Bxe5 21. Nc4 Rb8 22. Qc2 Bd4 23. Rab1 Kg7 24. b3 Qd8 25. Ne3 Bxe3 26. Rxe3 Rb4 27. Rbe1 Re5 28. Qc3 Qf6 29. Qc2 a5 30. h3 h5 31. Rf3 Qg6 32. Rfe3 g4 33. h4 Rxd5 34. Qe2 Re5 35. Qa6 Rbxe4 36.
Rxe4 Rxe4 37. Rxe4 Qxe4 38. Qxd6 Qe1+ 39. Kh2 Qxf2 40. Qe5+ Qf6 41. Qxh5 Qf4+ 42. g3 Qf2+ 43. Kh1 Qf1+ 44. Kh2 Qh3+ 45. Kg1 Qxg3+ 46. Kh1 Qf3+ 47. Kg1 Qd1+ 48. Kg2 Qf3+ 49. Kg1 Qg3+ 50. Kh1 f6 51. Qxc5 Qxh4+ 52. Kg2 Qh3+ 53. Kg1 Qg3+ 54. Kh1 Qf3+ 55. Kg1 g3 56. Qxa7+ Kg6 57. Qc5 Qe2 58. Qd4 Qh2+ 0-1

[Event "*** Titled Tuesday Blitz"]
[Site "Chess.com"]
[Date "2021.02.16"]
[Round "6"]
[White "kikydu96"]
[Black "Alexsur1981"]
[Result "0-1"]
[WhiteElo "2612"]
[BlackElo "2843"]
[TimeControl "180+1"]
[EndTime "11:07:09 PST"]
[Termination "Alexsur1981 won by resignation"]

1. e4 c5 2. Nf3 e6 3. c3 Nc6 4. d4 d5 5. exd5 exd5 6. Bb5 Bd6 7.
dxc5 Bxc5 8. O-O Ne7 9. Nbd2 O-O 10. Nb3 Bb6 11. Nbd4 Nxd4 12. Nxd4 Nf5 13. Nxf5 Bxf5 14. Bd3 Be4 15. Re1 Qf6 16. Be3 Rfe8 17. Bxb6 Qxb6 18. Bxe4 dxe4 19. Qb3 Qxb3 20. axb3 f5 21. b4 Kf7 22. Ra5 g6 23. Rea1 Red8 24. Kf1 a6 25. b5 Rd2 26.
bxa6 bxa6 27. Rxa6 Rxa6 28. Rxa6 Rxb2 29. Ra7+ Kf6 30. Rxh7 f4 31. Rc7 f3 32. gxf3 exf3 33. Ke1 Re2+ 34. Kf1 Rc2 35. Ke1 g5 36. Rc8 Kf5 37.
Rf8+ Ke4 38. Re8+ Kf4 39. Rf8+ Ke4 40. Re8+ Kd5 41. Rg8 Rxc3 42. Rxg5+ Ke4 43. Rg8 Ra3 44. h4 Ra1+ 45. Kd2 Ra2+ 46. Ke1 Re2+ 47. Kf1 Rb2 48. Kg1 Kf4 49. h5 Rb1+ 50. Kh2 Rb5 51. Rh8 Kg4 52.
h6 Rh5+ 53. Kg1 Kh3 54. h7 Ra5 0-1

[Event "*** Titled Tuesday Blitz"]
[Site "Chess.com"]
[Date "2021.02.16"]
[Round "6"]
[White "AungTZ"]
[Black "szefru"]
[Result "0-1"]
[WhiteElo "2028"]
[BlackElo "2263"]
[TimeControl "180+1"]
[EndTime "11:07:09 PST"]
[Termination "szefru won on time"]

1. e4 e5 2. Nf3 Nc6 3. d4 exd4 4.
Nxd4 g6 5. Nc3 Bg7 6. Be3 Nge7 7.
Be2 O-O 8. h4 h5 9. g4 hxg4 10.
Bxg4 d5 11. Bxc8 Rxc8 12. exd5 Nxd5 13. Nxc6 bxc6 14. Nxd5 cxd5 15. h5 d4 16. Bf4 Re8+ 17. Kf1 Qd5 18. Rh2 Re4 19. Bg3 Rce8 20. hxg6 fxg6 21.
Qd3 c5 22. Qa6 R4e6 23. Qb5 a6 24. Qa4 d3 25. cxd3 Qxd3+ 26. Kg2 Qd5+ 27. Kf1 Bxb2 28.
Rd1 Bd4 29. Qc2 Re4 0-1

[Event "*** Titled Tuesday Blitz"]
[Site "Chess.com"]
[Date "2021.02.16"]
[Round "6"]
[White "WPWPWP-2015"]
[Black "Rodalquilar"]
[Result "0-1"]
[WhiteElo "2487"]
[BlackElo "2669"]
[TimeControl "180+1"]
[EndTime "11:07:10 PST"]
[Termination "Rodalquilar won by resignation"]

1. e4 d5 2. exd5 Qxd5 3. Nc3 Qa5 4. Rb1 e5 5. b4 Bxb4 6. Nb5 Na6 7. a3 Bc5 8. Qe2 Nf6 9. Qxe5+ Be6 10. Nd4 O-O-O 11. Rb5 Qa4 12. Nxe6 Rhe8 13. Ne2 Qxb5 14. N2d4 Qb6 15.
Bxa6 Bxd4 16. Qb5 Rxe6+ 17. Kd1 bxa6 18. Qa4 Bxf2 19. Rf1 Ne4 20. Bb2 Qxb2 0-1

[Event "*** Titled Tuesday Blitz"]
[Site "Chess.com"]
[Date "2021.02.16"]
[Round "6"]
[White "Bulldog167"]
[Black "Oleksandr_Bortnyk"]
[Result "0-1"]
[WhiteElo "2885"]
[BlackElo "2949"]
[TimeControl "180+1"]
[EndTime "11:07:12 PST"]
[Termination "Oleksandr_Bortnyk won by resignation"]

1. d4 d6 2. e4 Nf6 3. f3 c5 4. Ne2 cxd4 5. Nxd4 g6 6. Nc3 Bg7 7. Be3 a6 8. Qd2 h5 9. Bd3 Nbd7 10. O-O b5 11. a4 b4 12. Nd5 Nxd5 13. exd5 Qc7 14.
Qxb4 Rb8 15. Qc3 Qb7 16. b3 Qxd5 17. Rad1 Bb7 18. Rfe1 Qc5 19. Qa1 O-O 20. Nf5 gxf5 21. Qc1 Qa5 22. Bxf5 Qxf5 23. Bc5 Nxc5 0-1

[Event "*** Titled Tuesday Blitz"]
[Site "Chess.com"]
[Date "2021.02.16"]
[Round "6"]
[White "VALPARAISO37"]
[Black "lelya96"]
[Result "0-1"]
[WhiteElo "2460"]
[BlackElo "2253"]
[TimeControl "180+1"]
[EndTime "11:07:12 PST"]
[Termination "lelya96 won by checkmate"]

1. d4 d5 2. c4 c6 3. Nc3 Nf6 4. e3 Bg4 5. f3 Bh5 6. g4 Bg6 7. h4 h6 8. Nge2 e6 9. Nf4 Bd6 10. Nxg6 fxg6 11. Qc2 Bg3+ 12. Kd1 Qe7 13. Qxg6+ Kd8 14.
Kc2 Nbd7 15. Bd3 Nf8 16. h5 Nxg6 17. hxg6 h5 18. c5 h4 19. g5 Nd7 20. f4 Kc7 21. Bd2 b6 22. cxb6+ axb6 23. Rac1 Kb7 24. a3 c5 25. Bb5 cxd4 26. exd4 Rac8 27. Kb3 Qd6 28. Rcf1 Nb8 29. Ne2 Nc6 30. f5 exf5 31. Rxf5 Rc7 32.
Bc3 Na5+ 33. Ka2 Nc4 34. Nxg3 Qxg3 35. Rxd5 Rhc8 36. Rf1 Nxa3 37. Rf7 Nxb5 38. Rxb5 Qd3 39. Rb4 Qxg6 40. Rf4 Ra8+ 41. Kb3 Qe6+ 42. Kc2 Qe2+ 43. Kb3 Qd1# 0-1

[Event "*** Titled Tuesday Blitz"]
[Site "Chess.com"]
[Date "2021.02.16"]
[Round "6"]
[White "annacramling"]
[Black "Nachsueb"]
[Result "1-0"]
[WhiteElo "2123"]
[BlackElo "2164"]
[TimeControl "180+1"]
[EndTime "11:07:15 PST"]
[Termination "annacramling won by resignation"]

1. d4 Nf6 2. c4 e6 3. Nc3 Bb4 4. Qc2 O-O 5. e4 d5 6. e5 Ne4 7. Bd3 c5 8. cxd5 exd5 9. Nf3 cxd4 10. Nxd4 Nd7 11. O-O Bxc3 12. bxc3 Ndc5 13. Ba3 Nxd3 14. Bxf8 Nxe5 15. Ba3 Nc4 16. Bc1 Qh4 17. f3 Nf6 18.
Qf2 Qh5 19. Bf4 Qg6 20. Rfe1 Bd7 21. Rab1 b6 22. Rbc1 Nh5 23. Bg3 Ba4 24. Ne2 Nxg3 25. Qxg3 Qd3 26. Nf4 Qxc3 27. Rxc3 1-0

[Event "*** Titled Tuesday Blitz"]
[Site "Chess.com"]
[Date "2021.02.16"]
[Round "6"]
[White "KeithArkell"]
[Black "HrvojeZagreb"]
[Result "1-0"]
[WhiteElo "2541"]
[BlackElo "2255"]
[TimeControl "180+1"]
[EndTime "11:07:16 PST"]
[Termination "KeithArkell won by resignation"]

1. d4 e6 2. Nf3 f5 3. Bg5 Nf6 4.
Nbd2 d5 5. e3 Bd6 6. Ne5 O-O 7.
Bd3 Qe8 8. Bxf6 Rxf6 9. f4 c5 10. c3 Nc6 11. O-O Bxe5 12. fxe5 Rf7 13. Nf3 Qe7 14. h4 h6 15. h5 Bd7 16. Qe1 Be8 17.
Be2 f4 18. Bd3 fxe3 19. Qxe3 cxd4 20. cxd4 Rxf3 21. Rxf3 Bxh5 22. Rf4 Qg5 23. Raf1 Bg6 24. Bxg6 Qxg6 25. Kh2 a5 26. a3 a4 27. Qh3 Na5 28. Rg4 Qh7 29. Rf6 h5 30. Rg5 h4 31. Qxe6+ Kh8 32. Rff5 g6 33. Rxg6 1-0

[Event "*** Titled Tuesday Blitz"]
[Site "Chess.com"]
[Date "2021.02.16"]
[Round "6"]
[White "MoreChessJulia"]
[Black "Aya5ian"]
[Result "0-1"]
[WhiteElo "2134"]
[BlackElo "2319"]
[TimeControl "180+1"]
[EndTime "11:07:17 PST"]
[Termination "Aya5ian won by resignation"]

1. d4 Nf6 2. Nc3 c5 3. d5 e6 4.
e4 exd5 5. e5 Ne4 6. Nxd5 Be7 7. c3 Nc6 8. f4 d6 9. Nxe7 Nxe7 10.
Bd3 d5 11. Nf3 Nf5 12. Bxe4 dxe4 13. Qxd8+ Kxd8 14. Ng5 Ke7 15. Ke2 h6 16. Nxe4 Bd7 17.
Nxc5 Bc6 18. Kf2 Rad8 19. Be3 Nxe3 20. Kxe3 g6 21. Rhg1 Rd5 22. b4 Rhd8 23. g3 b6 24.
Nb3 Rd3+ 25. Ke2 Bb5 26. a4 Bc4 27. Nd4 R3xd4+ 28. Ke3 Rd3+ 29. Kf2 Rxc3 30. Rgc1 Rd2+ 31. Ke1 Rdc2 32. Rxc2 Rxc2 33. h4 Re2+ 34. Kd1 Rb2 35. b5 Bd3 36. Rc1 Rb1 37. Rxb1 Bxb1 38. Kd2 Ke6 39. Kc3 Kd5 40. Kb4 Bc2 41. a5 bxa5+ 42. Kxa5 Bd3 43. Ka6 Ke4 44. Kxa7 Bxb5 45. Kb6 Bc4 46.
Kc5 Be6 47. Kd6 Kf3 48. Ke7 Kxg3 49. Kf6 Kxf4 50. Kg7 h5 51. Kf6 Kg4 0-1

[Event "*** Titled Tuesday Blitz"]
[Site "Chess.com"]
[Date "2021.02.16"]
[Round "6"]
[White "LEGENYA1998"]
[Black "Sergienko_Sergey"]
[Result "1/2-1/2"]
[WhiteElo "2296"]
[BlackElo "2436"]
[TimeControl "180+1"]
[EndTime "11:07:18 PST"]
[Termination "Game drawn by agreement"]

1. e4 c5 2. c3 d5 3. exd5 Qxd5 4. d4 Nf6 5. Nf3 Bg4 6. Be2 e6 7. O-O Be7 8. dxc5 Qxd1 9. Rxd1 Bxc5 10. h3 Bh5 11. g4 Bg6 12. Bb5+ Ke7 13. Ne5 a6 14. Bf1 Nbd7 15. Nxd7 Nxd7 16. Bg2 Rab8 17. Bf4 e5 18. Bg3 f6 19. Nd2 Rhd8 20. Ne4 Ba7 21. Rd2 Nc5 22. Rxd8 Rxd8 23. Nxc5 Bxc5 24. b4 Ba7 25. Bxb7 Rd3 26. Kg2 Rxc3 27. Bxa6 Be4+ 28. Kh2 Bd4 29. Re1 Bd5 30.
a4 Ra3 31. a5 Ra2 32. Kg1 Ra3 33. Kh2 Ra2 34. Kg1 1/2-1/2

[Event "*** Titled Tuesday Blitz"]
[Site "Chess.com"]
[Date "2021.02.16"]
[Round "6"]
[White "ChristopherYoo"]
[Black "Deepweb2020"]
[Result "1-0"]
[WhiteElo "2889"]
[BlackElo "2529"]
[TimeControl "180+1"]
[EndTime "11:07:19 PST"]
[Termination "ChristopherYoo won by resignation"]

1. d4 Nf6 2. Nf3 e6 3. c4 Bb4+ 4. Bd2 Qe7 5. e3 b6 6. a3 Bxd2+ 7. Nbxd2 Bb7 8. Bd3 a5 9. O-O d6 10. e4 e5 11. Re1 O-O 12. dxe5 dxe5 13. Nf1 Rd8 14. Qc2 Nc6 15. Ne3 Nd4 16. Nxd4 Rxd4 17. Nf5 Qc5 18. Nxd4 Qxd4 19. Rad1 a4 20. Bf1 Qc5 21. Re3 Ne8 22. Qc3 Nd6 23. Rde1 Re8 24. Qb4 Qc6 25. f3 f6 26. Rc1 Ba6 27. c5 Bxf1 28. Kxf1 Nb7 29. Qc4+ Kh8 30. cxb6 Qxb6 31. Re2 Nd6 32. Qxc7 Qa6 33.
Qc6 Qd3 34. Qd5 Qa6 35. Rc6 1-0

[Event "*** Titled Tuesday Blitz"]
[Site "Chess.com"]
[Date "2021.02.16"]
[Round "6"]
[White "DanilNajdin"]
[Black "vovachesss"]
[Result "0-1"]
[WhiteElo "2478"]
[BlackElo "2663"]
[TimeControl "180+1"]
[EndTime "11:07:19 PST"]
[Termination "vovachesss won by resignation"]

1. e4 e5 2. Nf3 d5 3. Nxe5 Bd6 4. d4 dxe4 5. Bc4 Bxe5 6. dxe5 Qxd1+ 7. Kxd1 Nc6 8. Re1 Bg4+ 9. Be2 O-O-O+ 10. Nd2 Nxe5 11. Bxg4+ Nxg4 12. Ke2 f5 13. h3 Ne5 14. b3 Nf6 15. Bb2 Rhe8 16. Rad1 Nd5 17. g3 g5 18. a3 h5 19. Nc4 Nxc4 20. bxc4 Nb6 21. Bf6 Rxd1 22.
Rxd1 Nxc4 23. Bxg5 Nxa3 24. Ke3 Nxc2+ 25. Kf4 e3 26. fxe3 Nxe3 27. Rd3 Nc4 28. Kxf5 b5 29. Bf4 a5 30. g4 hxg4 31. hxg4 a4 32. g5 a3 33. g6 a2 34. Rd1 b4 35. Bg5 Ne3+ 36.
Bxe3 Rxe3 37. Rg1 b3 38. g7 Re8 39. Kf6 Rg8 0-1